[Event "Eurasia Open Cup 2019"]
[Site "Ekaterinburg"]
[Date "2019.08.07"]
[Round "7.12"]
[White "Averyanov, Grigori"]
[Black "Drygalov, Andrey"]
[Result "0-1"]
[ECO "D43"]
[WhiteElo "2131"]
[BlackElo "2494"]
[Annotator "ChessBase"]
[PlyCount "128"]
[EventDate "2019.07.31"]
[EventType "swiss"]
[EventCountry "RUS"]
[SourceTitle "playchess.com"]
[Source "ChessBase"]
[SourceQuality "1"]
[TimeControl "5400+30"]

1. Nf3 d5 2. d4 Nf6 3. c4 e6 4. Bg5 h6 5. Bxf6 Qxf6 6. Nc3 c6 7. e3 Nd7 8. cxd5 exd5 9. Bd3 g6 10. O-O Bg7 11. Rb1 O-O 12. b4 Qd6 13. Qb3 Nb6 14. b5 Bg4 15. Nd2 Rfc8 16. bxc6 bxc6 17. Rfc1 Rab8 18. Qc2 Qa3 19. Rb3 Qe7 20. Ncb1 Bf8 21. Rc3 Bd7 22. Nf3 Bg7 23. Qd1 Re8 24. Nbd2 f5 25. Nb3 Na4 26. R3c2 Rec8 27. Ba6 Rc7 28. Nc5 Nxc5 29. Rxc5 Rb6 30. Qd3 Qd6 31. a4 Be8 32. a5 Rb8 33. Qc3 Re7 34. Qd2 g5 35. Bd3 f4 36. exf4 Qxf4 37. Qxf4 gxf4 38. Bf1 Rb4 39. Rd1 Re6 40. Rcc1 Bh5 41. Rc3 Kf8 42. g3 fxg3 43. hxg3 c5 44. Bg2 cxd4 45. Rc8+ Re8 46. Rdc1 d3 47. Rxe8+ Bxe8 48. Rd1 Bb5 49. Bf1 Ra4 50. Bxd3 Rxa5 51. Bxb5 Rxb5 52. Rc1 Rb7 53. Rc8+ Ke7 54. Rg8 Ke6 55. Rd8 Bf6 56. Re8+ Kd6 57. Nh2 Bd4 58. Nf3 Bf6 59. Nh2 a5 60. Ra8 Bc3 61. f4 Kc5 62. f5 Kb4 63. Ng4 h5 64. Ne3 Bd4 0-1

[Event "Eurasia Open Cup 2019"]
[Site "Ekaterinburg"]
[Date "2019.08.07"]
[Round "7.13"]
[White "Drygalov, Sergey"]
[Black "Fotin, Vladimir"]
[Result "1-0"]
[ECO "C72"]
[WhiteElo "2492"]
[BlackElo "2368"]
[Annotator "ChessBase"]
[PlyCount "55"]
[EventDate "2019.07.31"]
[EventType "swiss"]
[EventCountry "RUS"]
[SourceTitle "playchess.com"]
[Source "ChessBase"]
[SourceQuality "1"]
[TimeControl "5400+30"]

1. e4 e5 2. Nf3 Nc6 3. Bb5 a6 4. Ba4 d6 5. O-O Bd7 6. c3 g5 7. d4 g4 8. Ne1 exd4 9. cxd4 Bg7 10. Be3 Nge7 11. f3 f5 12. Bb3 f4 13. fxg4 Ng6 14. Bf2 Qf6 15. Nc3 Nge7 16. Nd5 Nxd5 17. Bxd5 O-O-O 18. Nf3 Bxg4 19. Bxc6 bxc6 20. Rc1 Qg6 21. Qd3 Kd7 22. Nh4 Qh5 23. Qc4 Ke8 24. Qxc6+ Bd7 25. Qxc7 Bf6 26. Qxd6 Be7 27. Qxf4 Rf8 28. Nf5 1-0

[Event "Eurasia Open Cup 2019"]
[Site "Ekaterinburg"]
[Date "2019.08.07"]
[Round "7.14"]
[White "Balashov, Yuri S"]
[Black "Cherniaev, Alexander"]
[Result "0-1"]
[ECO "E61"]
[WhiteElo "2474"]
[BlackElo "2396"]
[Annotator "ChessBase"]
[PlyCount "64"]
[EventDate "2019.07.31"]
[EventType "swiss"]
[EventCountry "RUS"]
[SourceTitle "playchess.com"]
[Source "ChessBase"]
[SourceQuality "1"]
[TimeControl "5400+30"]

1. d4 Nf6 2. Nf3 g6 3. c4 d6 4. Nc3 Bf5 5. g3 Ne4 6. Nd2 Nxd2 7. Bxd2 Bg7 8. e4 Bd7 9. Be3 O-O 10. h4 Nc6 11. f4 e5 12. d5 Nd4 13. fxe5 dxe5 14. Bg2 c5 15. O-O f5 16. Qd3 f4 17. Bxd4 exd4 18. Ne2 fxg3 19. Rxf8+ Qxf8 20. Qxg3 Qe7 21. Rf1 d3 22. Qxd3 Qxh4 23. Rf4 Qg5 24. Qe3 Qe7 25. Bh3 Bxh3 26. Qxh3 Bxb2 27. Qg2 Bg7 28. Rg4 Rf8 29. Nf4 Qe5 30. Ne6 Qa1+ 31. Kh2 Be5+ 32. Kh3 Qc3+ 0-1

[Event "Eurasia Open Cup 2019"]
[Site "Ekaterinburg"]
[Date "2019.08.07"]
[Round "7.15"]
[White "Zhigalko, Andrey"]
[Black "Akhtariev, Andrey"]
[Result "1-0"]
[ECO "C42"]
[WhiteElo "2549"]
[BlackElo "2243"]
[Annotator "ChessBase"]
[PlyCount "99"]
[EventDate "2019.07.31"]
[EventType "swiss"]
[EventCountry "RUS"]
[SourceTitle "playchess.com"]
[Source "ChessBase"]
[SourceQuality "1"]
[TimeControl "5400+30"]

1. e4 e5 2. Nf3 Nf6 3. Nc3 Bb4 4. Nxe5 O-O 5. Be2 Re8 6. Nd3 Bxc3 7. dxc3 Nxe4 8. O-O d6 9. Re1 Bf5 10. Bf1 Nc6 11. Bf4 Qd7 12. h3 h6 13. a4 Re7 14. a5 a6 15. Nb4 Nxb4 16. cxb4 Rae8 17. c4 Nf6 18. Rxe7 Qxe7 19. b5 Qe4 20. Be3 Qe6 21. Ra3 Nd7 22. b4 Ne5 23. Rc3 Qg6 24. Bd4 Bc8 25. Rg3 Qf5 26. Qd2 Ng6 27. Kh2 Qh5 28. Bc3 Qh4 29. b6 cxb6 30. axb6 Qe7 31. Bd3 Qe6 32. f4 f5 33. Bb1 Kh7 34. Qd4 Re7 35. Bc2 Bd7 36. Bd1 Be8 37. Bf3 Qd7 38. Bd5 Nf8 39. c5 dxc5 40. bxc5 Bg6 41. Qc4 Qd8 42. Be5 a5 43. Bd6 Rd7 44. Bc7 Qc8 45. Bxb7 Qxb7 46. c6 Qc8 47. cxd7 Nxd7 48. Qe6 Be8 49. Qxf5+ Kg8 50. Be5 1-0

[Event "Eurasia Open Cup 2019"]
[Site "Ekaterinburg"]
[Date "2019.08.07"]
[Round "7.16"]
[White "Vokhidov, Shamsiddin"]
[Black "Isanzhulov, Arystan"]
[Result "0-1"]
[ECO "B04"]
[WhiteElo "2515"]
[BlackElo "2278"]
[Annotator "ChessBase"]
[PlyCount "110"]
[EventDate "2019.07.31"]
[EventType "swiss"]
[EventCountry "RUS"]
[SourceTitle "playchess.com"]
[Source "ChessBase"]
[SourceQuality "1"]
[TimeControl "5400+30"]

1. e4 Nf6 2. e5 Nd5 3. d4 d6 4. Nf3 dxe5 5. Nxe5 c6 6. Bd3 g6 7. Qf3 Be6 8. c3 Nd7 9. Nxd7 Qxd7 10. O-O Bg7 11. Re1 O-O 12. Nd2 Rad8 13. Ne4 b6 14. Ng5 Bg4 15. Qg3 h6 16. Ne4 f5 17. f3 fxe4 18. fxe4 Nf6 19. h3 Bh5 20. e5 Nd5 21. Qh4 Kh8 22. g4 Nf4 23. Bxf4 Rxf4 24. Qg3 g5 25. gxh5 c5 26. Bc2 Rdf8 27. e6 Bxd4+ 28. cxd4 Qxd4+ 29. Kh1 Rf3 30. Qe5+ Qxe5 31. Rxe5 Rf2 32. Rc1 R8f3 33. Kg1 Rd2 34. Bf5 Kg7 35. Bg4 Rg3+ 36. Kh1 Rgg2 37. Rf5 Rh2+ 38. Kg1 Rdg2+ 39. Kf1 Rxg4 40. Rf7+ Kg8 41. hxg4 Rh1+ 42. Ke2 Rxc1 43. Rxe7 Rg1 44. Rxa7 Rxg4 45. Ke3 Kf8 46. Rh7 Rh4 47. Rxh6 Ke7 48. b3 b5 49. Kd3 Rd4+ 50. Kc2 Rh4 51. a3 g4 52. Kd3 g3 53. Ke2 g2 54. Kf2 Rg4 55. Rg6 g1=Q+ 0-1

[Event "Eurasia Open Cup 2019"]
[Site "Ekaterinburg"]
[Date "2019.08.07"]
[Round "7.17"]
[White "Bocharov, Dmitry"]
[Black "Pranizin, Gennady"]
[Result "1/2-1/2"]
[ECO "E60"]
[WhiteElo "2506"]
[BlackElo "2232"]
[Annotator "ChessBase"]
[PlyCount "99"]
[EventDate "2019.07.31"]
[EventType "swiss"]
[EventCountry "RUS"]
[SourceTitle "playchess.com"]
[Source "ChessBase"]
[SourceQuality "1"]
[TimeControl "5400+30"]

1. Nf3 Nf6 2. g3 g6 3. b3 Bg7 4. Bb2 d6 5. d4 O-O 6. Bg2 c5 7. c4 Ne4 8. O-O Nc6 9. Nbd2 Bf5 10. e3 Qa5 11. Nxe4 Bxe4 12. Qc1 e5 13. d5 Nb4 14. Bc3 Qd8 15. a3 Nd3 16. Qd2 f5 17. Ne1 Bxg2 18. Kxg2 Nxe1+ 19. Raxe1 Qd7 20. e4 b5 21. Qd3 Rab8 22. Rb1 fxe4 23. Qxe4 Qf5 24. Qxf5 gxf5 25. Rfc1 Rfc8 26. Bd2 Kf7 27. b4 cxb4 28. Rxb4 bxc4 29. Rxb8 Rxb8 30. Rxc4 Rb5 31. Rc7+ Kg6 32. Rxa7 Rxd5 33. Bb4 e4 34. a4 Rd1 35. a5 Be5 36. Rd7 Ra1 37. f4 exf3+ 38. Kxf3 Ra4 39. Bd2 Ra3+ 40. Ke2 h5 41. Rd8 Kf7 42. Ra8 Ke6 43. Be3 Kd5 44. Bc1 Ra1 45. Bd2 Ra2 46. Kd3 Ra3+ 47. Ke2 Ra2 48. Kd3 Ra3+ 49. Ke2 Ra2 50. Kd3 1/2-1/2

[Event "Eurasia Open Cup 2019"]
[Site "Ekaterinburg"]
[Date "2019.08.07"]
[Round "7.18"]
[White "Karpeshov, Oleg"]
[Black "Kostenko, Petr"]
[Result "1-0"]
[ECO "A13"]
[WhiteElo "2286"]
[BlackElo "2471"]
[Annotator "ChessBase"]
[PlyCount "147"]
[EventDate "2019.07.31"]
[EventType "swiss"]
[EventCountry "RUS"]
[SourceTitle "playchess.com"]
[Source "ChessBase"]
[SourceQuality "1"]
[TimeControl "5400+30"]

1. Nf3 Nf6 2. c4 e6 3. g3 d5 4. Bg2 a6 5. b3 Be7 6. Bb2 O-O 7. O-O c6 8. d3 b5 9. Nbd2 Bb7 10. e4 c5 11. Qe2 bxc4 12. dxc4 d4 13. Ne5 Qc7 14. f4 a5 15. a4 Ra6 16. Nd3 Rb6 17. Ba3 Nfd7 18. h4 Na6 19. Rab1 Rb8 20. Bh3 h6 21. Kh2 Bc6 22. e5 Nf8 23. f5 exf5 24. Bxf5 Bd7 25. Be4 Bc6 26. Bd5 Be8 27. Rf2 Ne6 28. Qg4 Qd8 29. Rbf1 Nac7 30. Be4 Qd7 31. Qd1 Qd8 32. Kg2 Bf8 33. Kh2 Qd7 34. Bf5 Qe7 35. Bc1 Nd8 36. Qg4 Kh8 37. Be4 Bc6 38. Bf5 Be8 39. Be4 Kg8 40. Kg1 Bd7 41. Qf3 Bh3 42. Re1 Qd7 43. Kh2 Bg4 44. Qg2 Rxb3 45. Nxb3 Rxb3 46. Bd2 Qxa4 47. Rc1 Be6 48. Bf4 Qd7 49. Bd2 a4 50. Ba5 a3 51. Nf4 Bg4 52. Bc2 Rb8 53. Bxc7 Qxc7 54. Qe4 g6 55. Nd5 Qa7 56. Qxg4 Rb2 57. Qf3 Bg7 58. Bd3 Bxe5 59. Rxb2 axb2 60. Rb1 Qb8 61. Qg2 Nc6 62. Rxb2 Qd8 63. Kh1 Bd6 64. Rf2 Ne5 65. Nf6+ Kg7 66. Qe4 Qc8 67. Kg2 Qe6 68. h5 Be7 69. Nd5 Nxd3 70. Qxd3 Bg5 71. hxg6 fxg6 72. Qf3 Qe8 73. Nc7 Qe7 74. Ne6+ 1-0

[Event "Eurasia Open Cup 2019"]
[Site "Ekaterinburg"]
[Date "2019.08.07"]
[Round "7.19"]
[White "Kezin, Roman"]
[Black "Novikov, Evgenij"]
[Result "1/2-1/2"]
[ECO "D94"]
[WhiteElo "2470"]
[BlackElo "2164"]
[Annotator "ChessBase"]
[PlyCount "88"]
[EventDate "2019.07.31"]
[EventType "swiss"]
[EventCountry "RUS"]
[SourceTitle "playchess.com"]
[Source "ChessBase"]
[SourceQuality "1"]
[TimeControl "5400+30"]

1. d4 d5 2. c4 c6 3. Nc3 Nf6 4. e3 a6 5. Nf3 g6 6. Be2 Bg7 7. O-O O-O 8. Bd2 Bg4 9. cxd5 cxd5 10. Qb3 Nc6 11. h3 Bxf3 12. Bxf3 e6 13. Na4 Na5 14. Bxa5 Qxa5 15. Rfc1 Nd7 16. Nc5 Nxc5 17. Rxc5 b5 18. Rac1 Rfd8 19. a3 Bf8 20. Rc7 Bd6 21. R7c6 Kg7 22. g3 Rd7 23. R1c2 Raa7 24. Kg2 Qd8 25. h4 h5 26. e4 dxe4 27. Bxe4 Be7 28. d5 exd5 29. Rc8 Qb6 30. Bxd5 Bf6 31. Bf3 Rac7 32. Qb4 Rxc8 33. Rxc8 Qd6 34. Qe4 Rc7 35. Ra8 Re7 36. Qc2 Rc7 37. Qe4 Re7 38. Qc2 Rc7 39. Qe4 Re7 40. Qc6 Qxc6 41. Bxc6 Bxb2 42. Rxa6 Re6 43. Bxb5 Rxa6 44. Bxa6 Bxa3 1/2-1/2

[Event "Eurasia Open Cup 2019"]
[Site "Ekaterinburg"]
[Date "2019.08.07"]
[Round "7.20"]
[White "Davtyan, Artur"]
[Black "Polosin, Evgeni"]
[Result "1-0"]
[ECO "D20"]
[WhiteElo "2440"]
[BlackElo "2153"]
[Annotator "NA"]
[PlyCount "69"]
[EventDate "2019.07.31"]
[EventType "swiss"]
[EventCountry "RUS"]
[SourceTitle "playchess.com"]
[Source "ChessBase"]
[SourceQuality "1"]
[TimeControl "5400+30"]

1. d4 d5 2. c4 dxc4 3. e4 Nf6 4. Nc3 e5 5. d5 Bc5 6. Bxc4 O-O 7. Nf3 Re8 8. Qb3 Bd6 9. O-O Nbd7 10. Be3 h6 11. h3 Nf8 12. Rfc1 g5 13. Nd2 Ng6 14. Nb5 Kh7 15. Bf1 g4 16. Nxc7 Bxc7 17. d6 Bxd6 18. Qxf7+ Kh8 19. Qxg6 gxh3 20. Qxh6+ Nh7 21. g3 Rg8 22. Bxh3 Bxh3 23. Qxh3 Qf6 24. Kg2 Rg7 25. Rc8+ Rxc8 26. Qxc8+ Nf8 27. Rh1+ Kg8 28. Rh6 Qe7 29. Nc4 Bc7 30. Qxb7 Ng6 31. Qd5+ Qf7 32. Qxf7+ Kxf7 33. Bxa7 Nf4+ 34. Kf3 Ne6 35. Be3 1-0

[Event "Eurasia Open Cup 2019"]
[Site "Ekaterinburg"]
[Date "2019.08.07"]
[Round "7.21"]
[White "Zasukhin, Vadim"]
[Black "Bivol, Alina"]
[Result "1-0"]
[ECO "E61"]
[WhiteElo "2249"]
[BlackElo "2391"]
[Annotator "NA"]
[PlyCount "105"]
[EventDate "2019.07.31"]
[EventType "swiss"]
[EventCountry "RUS"]
[SourceTitle "playchess.com"]
[Source "ChessBase"]
[SourceQuality "1"]
[TimeControl "5400+30"]

1. d4 Nf6 2. c4 g6 3. Nc3 Bg7 4. Nf3 d6 5. Bg5 O-O 6. e3 Nbd7 7. Be2 c5 8. d5 a6 9. a4 h6 10. Bh4 Qa5 11. O-O g5 12. Bg3 Nh5 13. Qc2 Nxg3 14. hxg3 f5 15. Nd2 Qd8 16. f4 gxf4 17. gxf4 Nf6 18. g3 Qe8 19. Kg2 Bd7 20. Bf3 Qg6 21. Qd1 Rae8 22. Re1 Ng4 23. Bxg4 Qxg4 24. Qxg4 fxg4 25. Nde4 Rb8 26. Re2 Rfd8 27. Nf2 e5 28. e4 Kf7 29. Nd3 exf4 30. gxf4 Bd4 31. e5 Bf5 32. Ne4 Kg7 33. Rd1 dxe5 34. fxe5 b5 35. axb5 axb5 36. b3 bxc4 37. bxc4 h5 38. e6 Rh8 39. Ndxc5 Bxc5 40. Nxc5 Rbc8 41. Ne4 Ra8 42. Nd6 Bg6 43. e7 h4 44. e8=Q Bxe8 45. Nxe8+ Rhxe8 46. Rxe8 Rxe8 47. d6 h3+ 48. Kg1 Kf7 49. d7 Rd8 50. c5 g3 51. c6 Ke7 52. c7 Rxd7 53. Re1+ 1-0

[Event "Eurasia Open Cup 2019"]
[Site "Ekaterinburg"]
[Date "2019.08.07"]
[Round "7.22"]
[White "Schepetkova, Margarita"]
[Black "Kotlyar, Kirill"]
[Result "1/2-1/2"]
[ECO "D71"]
[WhiteElo "2241"]
[BlackElo "2387"]
[Annotator "NA"]
[PlyCount "82"]
[EventDate "2019.07.31"]
[EventType "swiss"]
[EventCountry "RUS"]
[SourceTitle "playchess.com"]
[Source "ChessBase"]
[SourceQuality "1"]
[TimeControl "5400+30"]

1. d4 Nf6 2. c4 g6 3. g3 c6 4. Bg2 d5 5. Qa4 Nfd7 6. cxd5 Nb6 7. Qb3 cxd5 8. Nc3 Nc6 9. e3 e6 10. Nf3 Bg7 11. O-O O-O 12. Bd2 Nc4 13. Rfd1 Nxd2 14. Nxd2 b6 15. Rac1 Bb7 16. Qa4 Qe7 17. Bf1 Rfc8 18. Ba6 Na5 19. Bxb7 Qxb7 20. Ne2 Bf8 21. Nf4 Bd6 22. Nd3 Qa6 23. Rxc8+ Rxc8 24. Nb3 Qc4 25. Qd7 Qc6 26. Qxc6 Nxc6 27. Rc1 h5 28. Nd2 Rc7 29. h3 Kf8 30. Kg2 Ke7 31. g4 hxg4 32. hxg4 Na5 33. Rxc7+ Bxc7 34. b3 Nc6 35. f4 f6 36. Kf3 Bd6 37. Ke2 Kf7 38. Nf3 a6 39. g5 f5 40. Nfe5+ Nxe5 41. Nxe5+ Bxe5 1/2-1/2

[Event "Eurasia Open Cup 2019"]
[Site "Ekaterinburg"]
[Date "2019.08.07"]
[Round "7.23"]
[White "Iljushina, Olga"]
[Black "Postnikov, Daniil"]
[Result "0-1"]
[ECO "D90"]
[WhiteElo "2208"]
[BlackElo "2354"]
[Annotator "NA"]
[PlyCount "102"]
[EventDate "2019.07.31"]
[EventType "swiss"]
[EventCountry "RUS"]
[SourceTitle "playchess.com"]
[Source "ChessBase"]
[SourceQuality "1"]
[TimeControl "5400+30"]

1. d4 Nf6 2. c4 g6 3. Nc3 d5 4. cxd5 Nxd5 5. Bd2 Bg7 6. e4 Nxc3 7. Bxc3 O-O 8. Nf3 c5 9. d5 Bxc3+ 10. bxc3 Bg4 11. h3 Bxf3 12. Qxf3 Qd6 13. g4 e6 14. Rd1 Nd7 15. Be2 Qe5 16. O-O Nf6 17. Rfe1 Nxe4 18. Bc4 Ng5 19. Qe3 Qf4 20. Qxf4 Nxh3+ 21. Kh2 Nxf4 22. Kg3 Nxd5 23. Bxd5 exd5 24. Rxd5 b6 25. Re7 Rfd8 26. Rdd7 Rxd7 27. Rxd7 b5 28. Rb7 a6 29. Rc7 c4 30. Rc6 Rd8 31. Rxa6 Rd3+ 32. f3 Rxc3 33. Rb6 Rc2 34. Rxb5 Rxa2 35. Rc5 Rc2 36. g5 Kg7 37. Rc7 Rc1 38. f4 c3 39. Kg2 c2 40. Rc8 h5 41. Kh2 h4 42. Kg2 h3+ 43. Kh2 f5 44. gxf6+ Kxf6 45. Rc5 Ke6 46. Rc8 Kf5 47. Rf8+ Kg4 48. Rc8 Kxf4 49. Rf8+ Ke5 50. Re8+ Kd6 51. Rc8 g5 0-1

[Event "Eurasia Open Cup 2019"]
[Site "Ekaterinburg"]
[Date "2019.08.07"]
[Round "7.24"]
[White "Dilmukhametov, Artur"]
[Black "Gabdrakhmanov, Azat"]
[Result "0-1"]
[ECO "B51"]
[WhiteElo "2346"]
[BlackElo "2111"]
[Annotator "NA"]
[PlyCount "72"]
[EventDate "2019.07.31"]
[EventType "swiss"]
[EventCountry "RUS"]
[SourceTitle "playchess.com"]
[Source "ChessBase"]
[SourceQuality "1"]
[TimeControl "5400+30"]

1. e4 c5 2. Nf3 d6 3. Bb5+ Nd7 4. c3 Ngf6 5. Qe2 a6 6. Ba4 e5 7. O-O Be7 8. d4 O-O 9. Nbd2 cxd4 10. cxd4 b5 11. Bc2 Bb7 12. Re1 Re8 13. Nf1 exd4 14. Nxd4 Bf8 15. Bg5 Qb6 16. Be3 Bxe4 17. Ne6 Qb7 18. Bxe4 Nxe4 19. Nxf8 Nxf8 20. Red1 d5 21. Qd3 Rad8 22. f3 Nf6 23. Bd4 Nh5 24. g3 Ne6 25. Ne3 Nxd4 26. Qxd4 Nf6 27. Rd2 Re6 28. Rad1 g6 29. Kf2 Qe7 30. Ng2 Re8 31. Nf4 Re5 32. Qd3 Re3 33. Nxd5 Nxd5 34. Qxd5 Re2+ 35. Kf1 Qe3 36. f4 Qf2# 0-1

[Event "Eurasia Open Cup 2019"]
[Site "Ekaterinburg"]
[Date "2019.08.07"]
[Round "7.25"]
[White "Tyurin, Ilya"]
[Black "Ovchinnikov, Vsevolod"]
[Result "1/2-1/2"]
[ECO "C04"]
[WhiteElo "2168"]
[BlackElo "2346"]
[Annotator "NA"]
[PlyCount "82"]
[EventDate "2019.07.31"]
[EventType "swiss"]
[EventCountry "RUS"]
[SourceTitle "playchess.com"]
[Source "ChessBase"]
[SourceQuality "1"]
[TimeControl "5400+30"]

1. e4 e6 2. d4 d5 3. Nd2 Nc6 4. Ngf3 Nf6 5. e5 Nd7 6. Be2 f6 7. exf6 Qxf6 8. Nf1 b6 9. Ng3 g6 10. O-O h6 11. c4 Bb7 12. cxd5 exd5 13. a3 Bg7 14. Qc2 O-O 15. b4 Nxd4 16. Nxd4 Qxd4 17. Be3 Qe5 18. Qxg6 Qe8 19. Qc2 c5 20. Rae1 Qf7 21. Qd2 Qf6 22. Nh5 Qc6 23. b5 Qg6 24. Nf4 Qd6 25. Bf3 Nf6 26. Ng6 Ng4 27. Bxd5+ Bxd5 28. Qxd5+ Qxd5 29. Ne7+ Kh7 30. Nxd5 Rad8 31. Rd1 Rf5 32. Ne7 Rxd1 33. Rxd1 Rf7 34. Nd5 Bb2 35. a4 Be5 36. g3 Kg7 37. Kg2 Bb8 38. Bf4 Bxf4 39. Nxf4 Re7 40. Rd6 Ne5 41. Nd5 Rf7 1/2-1/2

[Event "Eurasia Open Cup 2019"]
[Site "Ekaterinburg"]
[Date "2019.08.07"]
[Round "7.26"]
[White "Odegov, Artem"]
[Black "Sivuk, Vitaly"]
[Result "0-1"]
[ECO "E20"]
[WhiteElo "2261"]
[BlackElo "2546"]
[Annotator "ChessBase"]
[PlyCount "144"]
[EventDate "2019.07.31"]
[EventType "swiss"]
[EventCountry "RUS"]
[SourceTitle "playchess.com"]
[Source "ChessBase"]
[SourceQuality "1"]
[TimeControl "5400+30"]

1. d4 Nf6 2. c4 e6 3. Nc3 Bb4 4. g3 d5 5. Bg2 O-O 6. Nf3 dxc4 7. O-O Nc6 8. Qa4 Nd5 9. Qc2 Be7 10. Rd1 Rb8 11. e4 Ndb4 12. Qe2 Nd3 13. Be3 b5 14. b3 Ba6 15. d5 exd5 16. Nxd5 Bd6 17. Ne1 Nxe1 18. Qxe1 Qe8 19. f4 f6 20. Qf2 Rf7 21. Re1 Kh8 22. Kh1 cxb3 23. axb3 Bb7 24. Bxa7 Nxa7 25. Rxa7 c6 26. Ne3 Bc5 27. Raa1 Bd4 28. Rad1 Rd8 29. Qc2 g6 30. Qc1 Kg7 31. Rd3 Re7 32. Rdd1 Red7 33. h3 c5 34. Nd5 Bf2 35. Rf1 Bxg3 36. Qxc5 Qe6 37. Nc7 Qf7 38. Rxd7 Qxd7 39. Nd5 Bh4 40. Rc1 Rc8 41. Qc7 Rxc7 42. Rxc7 Qf7 43. Rxf7+ Kxf7 44. Nc7 b4 45. Nd5 Bg3 46. e5 f5 47. e6+ Kxe6 48. Nc7+ Kd7 49. Bxb7 Kxc7 50. Bd5 Kd6 51. Bg8 Ke7 52. Kg2 Bxf4 53. Kf3 Bg5 54. Bc4 Kf6 55. Bb5 Bh4 56. Bd7 Ke7 57. Bb5 Be1 58. Ke2 Bc3 59. Kf3 Be5 60. Kg2 Bd6 61. Kf3 g5 62. Kg2 h5 63. Be2 g4 64. Bd1 Kf6 65. Bc2 Kg5 66. Bd3 f4 67. Kh1 f3 68. Be4 Kf4 69. Bc6 g3 70. h4 g2+ 71. Kh2 Kg4+ 72. Kg1 Bc5+ 0-1

[Event "Eurasia Open Cup 2019"]
[Site "Ekaterinburg"]
[Date "2019.08.07"]
[Round "7.27"]
[White "Lysenko, Margarita"]
[Black "Hamitevici, Vladimir"]
[Result "0-1"]
[ECO "A88"]
[WhiteElo "2224"]
[BlackElo "2480"]
[Annotator "ChessBase"]
[PlyCount "134"]
[EventDate "2019.07.31"]
[EventType "swiss"]
[EventCountry "RUS"]
[SourceTitle "playchess.com"]
[Source "ChessBase"]
[SourceQuality "1"]
[TimeControl "5400+30"]

1. d4 d6 2. Nf3 f5 3. g3 Nf6 4. Bg2 g6 5. O-O Bg7 6. c4 O-O 7. Nc3 c6 8. Qb3 Kh8 9. Rd1 Na6 10. Qa3 Rb8 11. b4 Nc7 12. Bb2 b5 13. d5 a5 14. cxb5 axb4 15. Qxb4 Ncxd5 16. Nxd5 Rxb5 17. Qa3 cxd5 18. Rac1 Qb6 19. Bd4 Qb7 20. Bxf6 Bxf6 21. Nd4 Rb6 22. Qa5 e6 23. a4 Bd7 24. Nb5 Bxb5 25. axb5 Rxb5 26. Qd2 Qb6 27. h4 Kg7 28. e3 Rb8 29. Rc2 Rc5 30. Ra2 h6 31. Bf1 g5 32. h5 g4 33. Ra6 Qc7 34. Qa2 Qe7 35. Rb1 Rbc8 36. Qa4 R5c7 37. Rbb6 Be5 38. Ra8 Qf7 39. Rbb8 Rxb8 40. Rxb8 Qxh5 41. Qa8 Qf7 42. Rd8 Rd7 43. Re8 Re7 44. Rd8 Kh7 45. Bb5 Bg7 46. Rxd6 Kg6 47. Qc8 Kf6 48. Bd7 h5 49. Qc3+ Kg5 50. Qc6 Be5 51. Rxe6 Bxg3 52. Rxe7 Qxe7 53. Qxd5 Be5 54. Qg8+ Bg7 55. Qd5 Qe5 56. Qxe5 Bxe5 57. f4+ Bxf4 58. exf4+ Kxf4 59. Kg2 h4 60. Bc8 Kg5 61. Bd7 h3+ 62. Kg3 f4+ 63. Kh2 Kh4 64. Bc6 f3 65. Bb5 g3+ 66. Kg1 g2 67. Kh2 f2 0-1

[Event "Eurasia Open Cup 2019"]
[Site "Ekaterinburg"]
[Date "2019.08.07"]
[Round "7.28"]
[White "Savitskiy, Sergey"]
[Black "Manakova, Maria"]
[Result "1-0"]
[ECO "B31"]
[WhiteElo "2418"]
[BlackElo "2237"]
[Annotator "NA"]
[PlyCount "87"]
[EventDate "2019.07.31"]
[EventType "swiss"]
[EventCountry "RUS"]
[SourceTitle "playchess.com"]
[Source "ChessBase"]
[SourceQuality "1"]
[TimeControl "5400+30"]

1. e4 c5 2. Nf3 Nc6 3. Bb5 g6 4. O-O Bg7 5. c3 Nf6 6. Re1 O-O 7. d4 d5 8. exd5 Qxd5 9. c4 Qd6 10. d5 a6 11. Ba4 Na5 12. Na3 b5 13. cxb5 Nxd5 14. Bg5 e6 15. Qd2 Qb6 16. Bh6 Bxh6 17. Qxh6 f6 18. Rad1 Ra7 19. Nd2 axb5 20. Bxb5 Rg7 21. Ne4 g5 22. Qh5 Bb7 23. g3 g4 24. Qh6 Rg6 25. Qc1 f5 26. Nxc5 Rc8 27. b4 Nxb4 28. Nd7 Qa7 29. Qb2 Nd5 30. Ne5 Rf6 31. Bd7 Rc7 32. Nb5 Qb6 33. a4 Bc8 34. Bxc8 Rxc8 35. Rxd5 exd5 36. Nd7 Nc4 37. Qxf6 Qxf6 38. Nxf6+ Kf7 39. Nxd5 Ra8 40. Re7+ Kf8 41. Nbc7 Rxa4 42. Ne6+ Kg8 43. Nf6+ Kh8 44. Re8# 1-0

[Event "Eurasia Open Cup 2019"]
[Site "Ekaterinburg"]
[Date "2019.08.07"]
[Round "7.29"]
[White "Isaev, Anton"]
[Black "Radzhabov, Rodion"]
[Result "0-1"]
[ECO "E11"]
[WhiteElo "2191"]
[BlackElo "2404"]
[Annotator "NA"]
[PlyCount "110"]
[EventDate "2019.07.31"]
[EventType "swiss"]
[EventCountry "RUS"]
[SourceTitle "playchess.com"]
[Source "ChessBase"]
[SourceQuality "1"]
[TimeControl "5400+30"]

1. d4 Nf6 2. Nf3 e6 3. c4 Bb4+ 4. Bd2 Qe7 5. g3 Bxd2+ 6. Qxd2 Nc6 7. b3 d5 8. Bg2 O-O 9. Nc3 Rd8 10. O-O dxc4 11. bxc4 e5 12. d5 Na5 13. Nb5 Nxc4 14. Qc3 Nd6 15. Nxc7 Rb8 16. Rfc1 e4 17. Nd4 Bg4 18. Qa5 a6 19. h3 Bh5 20. Rc3 h6 21. Rac1 Kh7 22. Qa3 Rd7 23. Kh2 Rc8 24. Qa5 Qd8 25. g4 Bxg4 26. hxg4 Nxg4+ 27. Kg1 Qf6 28. Nf3 exf3 29. exf3 Ne5 30. Bh3 Nxf3+ 31. Rxf3 Qg5+ 32. Kh2 Qxc1 33. Nb5 axb5 34. Bxd7 Rc5 35. Bh3 Rxd5 36. Qb4 Qc7 37. Qf4 Qe7 38. Re3 Qg5 39. Qf3 Rd4 40. Qe2 Qf6 41. Rg3 Rf4 42. f3 g6 43. Qe3 Nc4 44. Qe2 Ne5 45. Bg2 b4 46. Rh3 Kg7 47. Rg3 h5 48. Rh3 h4 49. Qe3 Rc4 50. Qe2 Qf4+ 51. Kg1 Rc1+ 52. Bf1 Rc3 53. Bg2 g5 54. Qf2 Nc4 55. Bf1 Ne3 0-1

[Event "Eurasia Open Cup 2019"]
[Site "Ekaterinburg"]
[Date "2019.08.07"]
[Round "7.30"]
[White "Pastukhov, Leonid"]
[Black "Guseva, Marina"]
[Result "0-1"]
[ECO "A12"]
[WhiteElo "2215"]
[BlackElo "2379"]
[Annotator "NA"]
[PlyCount "88"]
[EventDate "2019.07.31"]
[EventType "swiss"]
[EventCountry "RUS"]
[SourceTitle "playchess.com"]
[Source "ChessBase"]
[SourceQuality "1"]
[TimeControl "5400+30"]

1. c4 c6 2. Nf3 d5 3. b3 Bf5 4. Bb2 e6 5. g3 h6 6. Bg2 Nd7 7. O-O Ngf6 8. d3 Be7 9. Nbd2 O-O 10. Qc2 Bh7 11. e4 dxe4 12. dxe4 Nc5 13. Ne5 Qb6 14. a3 a5 15. Bc3 Na6 16. Qb2 Rfd8 17. h3 Ne8 18. Nef3 Nc5 19. Bd4 Qc7 20. Qc2 Nf6 21. Rae1 Rd7 22. Re2 Rad8 23. Bc3 Nd3 24. Qa2 Bc5 25. Kh2 Nh5 26. e5 Qb6 27. Ne4 Bxe4 28. Rxe4 Bxf2 29. Rg4 Qe3 30. Bxa5 Bxg3+ 31. Rxg3 Nxg3 32. Ra1 Nxe5 33. Kxg3 Nxf3 34. Bxd8 Ne1+ 35. Kh2 Rxd8 36. Rxe1 Qxe1 37. b4 Qe5+ 38. Kg1 Rd1+ 39. Bf1 Qd4+ 40. Qf2 Qxc4 41. Kg2 Qd5+ 42. Kg3 Qg5+ 43. Kf3 Qf5+ 44. Kg2 Qxf2+ 0-1